[Event "ICC tourney 2357 (30 5)"]
[Site "Internet Chess Club"]
[Date "2021.01.30"]
[Round "3"]
[White "KingZacAttack"]
[Black "GreenFrog11"]
[Result "1-0"]
[ICCResult "Black checkmated"]
[WhiteElo "700"]
[BlackElo "421"]
[Opening "Queen's pawn: Chigorin variation"]
[ECO "D00"]
[NIC "QP.08"]
[Time "14:18:59"]
[PlyCount "75"]
[TimeControl "1800+5"]

1. d4 d5 2. Nc3 Nf6 3. Bf4 Nc6 4. Nb5 Rb8 5. Nxc7+ Kd7 6. Nb5 Ra8 7. e3 e6
8. Nf3 Bb4+ 9. c3 Be7 10. Bd3 Ke8 11. Nc7+ Kf8 12. Nxa8 Bd7 13. Nc7 Bd6 14.
Bxd6+ Kg8 15. Nb5 Ng4 16. h3 Nf6 17. O-O Na5 18. b4 Bxb5 19. Bxb5 Nc6 20.
Ne5 Qxd6 21. Nxc6 bxc6 22. Bd3 h5 23. Rb1 Ne4 24. b5 cxb5 25. Rxb5 a6 26.
Rb7 Rh6 27. Qc2 Rf6 28. Bxe4 g6 29. Bd3 Qc6 30. Rfb1 e5 31. R1b6 Qe8 32.
Rb8 Kf8 33. Rxe8+ Kxe8 34. Rxf6 exd4 35. cxd4 a5 36. Qc7 a4 37. Bb5+ Kf8
38. Qxf7# { Black checkmated } 1-0

[Event "ICC tourney 2357 (30 5)"]
[Site "Internet Chess Club"]
[Date "2021.01.30"]
[Round "3"]
[White "kiaanj"]
[Black "ethanw1234"]
[Result "1-0"]
[ICCResult "Black checkmated"]
[WhiteElo "871"]
[BlackElo "701"]
[Opening "Four knights: Scotch, 4...exd4"]
[ECO "C47"]
[NIC "KP.06"]
[Time "14:20:26"]
[PlyCount "79"]
[TimeControl "1800+5"]

1. e4 e5 2. Nf3 Nc6 3. Nc3 Nf6 4. d4 exd4 5. Nxd4 Bc5 6. Be3 O-O 7. Nxc6
dxc6 8. Bxc5 Bg4 9. f3 Be6 10. Bxf8 Qxf8 11. Qd3 Rd8 12. Qe3 Qd6 13. Be2 a6
14. O-O Nh5 15. Rad1 Qe7 16. Rxd8+ Qxd8 17. Rd1 Qe7 18. Qd3 h6 19. Qd8+
Qxd8 20. Rxd8+ Kh7 21. Rb8 b5 22. Rb7 Nf4 23. Rxc7 Nxe2+ 24. Nxe2 Kg6 25.
Rxc6 a5 26. Nd4 f5 27. exf5+ Kf6 28. Rxe6+ Kf7 29. Nxb5 Kf8 30. c4 g5 31.
c5 g4 32. fxg4 h5 33. gxh5 a4 34. f6 Kf7 35. Nd4 Kg8 36. Re7 a3 37. bxa3
Kf8 38. c6 Kg8 39. c7 Kf8 40. c8=Q# { Black checkmated } 1-0

[Event "ICC tourney 2357 (30 5)"]
[Site "Internet Chess Club"]
[Date "2021.01.30"]
[Round "3"]
[White "marksheinin"]
[Black "SAJohn"]
[Result "0-1"]
[ICCResult "White checkmated"]
[WhiteElo "693"]
[BlackElo "786"]
[Opening "Scandinavian (center counter) defense"]
[ECO "B01"]
[NIC "SD.02"]
[Time "14:19:14"]
[PlyCount "102"]
[TimeControl "1800+5"]

1. e4 d5 2. exd5 Qxd5 3. Nc3 Qd8 4. Bc4 Nf6 5. Nf3 e6 6. O-O Nc6 7. Re1 Be7
8. d4 O-O 9. Bg5 h6 10. Bxf6 Bxf6 11. Ne4 Bxd4 12. Nxd4 Qxd4 13. Qxd4 Nxd4
14. Bd3 f5 15. Nc5 Rf6 16. c3 Nc6 17. Bc4 Nd8 18. Rad1 Nf7 19. Nxe6 Bxe6
20. Bxe6 Re8 21. Bxf7+ Kxf7 22. Rd7+ Kf8 23. Rxe8+ Kxe8 24. Rxc7 Rb6 25. b3
Ra6 26. h3 Rxa2 27. Rxb7 g6 28. Rxa7 Rxa7 29. Kf1 Ra3 30. Ke2 Rxb3 31. c4
Rc3 32. f3 Rxc4 33. Kd3 Ra4 34. Ke3 Ra2 35. g3 Rh2 36. h4 Rh3 37. Kf4 g5+
38. hxg5 h5 39. Kxf5 Rxg3 40. f4 h4 41. g6 h3 42. g7 h2 43. g8=Q+ Rxg8 44.
Ke4 h1=Q+ 45. Ke5 Qh5+ 46. f5 Rg5 47. Ke6 Rxf5 48. Kd6 Qg6+ 49. Kc7 Rf7+
50. Kb8 Qb6+ 51. Ka8 Ra7# { White checkmated } 0-1

[Event "ICC tourney 2357 (30 5)"]
[Site "Internet Chess Club"]
[Date "2021.01.30"]
[Round "3"]
[White "ahemphill"]
[Black "TinoPps281"]
[Result "0-1"]
[ICCResult "White checkmated"]
[WhiteElo "484"]
[BlackElo "744"]
[Opening "Giuoco Piano"]
[ECO "C50"]
[NIC "IG.02"]
[Time "14:19:46"]
[PlyCount "44"]
[TimeControl "1800+5"]

1. e4 e5 2. Nf3 Nc6 3. Bc4 Bc5 4. O-O d6 5. Ng5 Qxg5 6. d4 Qg6 7. dxc5 dxc5
8. Qd5 Bh3 9. g3 Bxf1 10. Bg5 f6 11. Qe6+ Nge7 12. Nc3 fxg5 13. Rd1 Qxe6
14. Bxe6 Ba6 15. Bd7+ Kf7 16. Bxc6 bxc6 17. Rd7 g4 18. Na4 Be2 19. Nxc5
Rad8 20. Rxc7 Rd1+ 21. Kg2 Bf1+ 22. Kg1 Bh3# { White checkmated } 0-1

[Event "ICC tourney 2357 (30 5)"]
[Site "Internet Chess Club"]
[Date "2021.01.30"]
[Round "3"]
[White "ivanachan"]
[Black "jakemakecake"]
[Result "1-0"]
[ICCResult "Black checkmated"]
[WhiteElo "765"]
[BlackElo "525"]
[Opening "QGD: 3.Nc3"]
[ECO "D31"]
[NIC "QP.08"]
[Time "14:19:06"]
[PlyCount "43"]
[TimeControl "1800+5"]

1. d4 d5 2. c4 e6 3. Nc3 dxc4 4. e4 Bb4 5. a3 Bxc3+ 6. bxc3 Nf6 7. e5 Ne4
8. Bb2 O-O 9. Bxc4 Nc6 10. Nf3 f6 11. O-O fxe5 12. dxe5 b6 13. Qe2 Nc5 14.
Bb5 Bb7 15. Rfd1 Qe7 16. Qe3 Nb3 17. Rab1 Nca5 18. Rd7 Qc5 19. Qg5 Rf7 20.
Rbd1 Rxd7 21. Rxd7 Qxb5 22. Qxg7# { Black checkmated } 1-0

[Event "ICC tourney 2357 (30 5)"]
[Site "Internet Chess Club"]
[Date "2021.01.30"]
[Round "3"]
[White "chessfish98"]
[Black "awesome122243"]
[Result "0-1"]
[ICCResult "White checkmated"]
[WhiteElo "812"]
[BlackElo "655"]
[Opening "Sicilian: Hungarian variation"]
[ECO "B27"]
[NIC "SI.43"]
[Time "14:19:13"]
[PlyCount "114"]
[TimeControl "1800+5"]

1. e4 c5 2. Nf3 g6 3. Nc3 Bg7 4. Bc4 e6 5. h3 Ne7 6. O-O O-O 7. d3 Nbc6 8.
a3 a6 9. Be3 d5 10. exd5 exd5 11. Ba2 d4 12. Bg5 dxc3 13. bxc3 Bxc3 14. Rb1
Bg7 15. Re1 Qd7 16. Bxe7 Nxe7 17. Qe2 Re8 18. Ng5 b5 19. Bxf7+ Kf8 20. Bxe8
Kxe8 21. Nxh7 Bb7 22. Ng5 Bf6 23. Ne4 Qc6 24. Qf3 Kf7 25. Nxf6 Qxf3 26.
gxf3 Kxf6 27. Re3 Rg8 28. Rbe1 Nf5 29. Re6+ Kf7 30. Kf1 g5 31. R6e5 Nd4 32.
Re7+ Kf6 33. Rxb7 Nxf3 34. Re2 g4 35. hxg4 Rxg4 36. Re3 Rg1+ 37. Ke2 Nd4+
38. Kd2 Rg2 39. Ree7 Rxf2+ 40. Ke3 Re2+ 41. Kf4 Rxe7 42. Rxe7 Kxe7 43. Ke3
Nxc2+ 44. Ke4 Nxa3 45. Kd5 a5 46. Kxc5 b4 47. Kd4 b3 48. Kc3 a4 49. Kb2 Nb5
50. Kb1 Kd6 51. Kb2 Kc5 52. Kb1 Kb4 53. Kb2 a3+ 54. Kb1 Kc3 55. Ka1 Kc2 56.
d4 b2+ 57. Ka2 b1=Q# { White checkmated } 0-1

[Event "ICC tourney 2357 (30 5)"]
[Site "Internet Chess Club"]
[Date "2021.01.30"]
[Round "3"]
[White "ZoeQ300"]
[Black "AlexPS452"]
[Result "0-1"]
[ICCResult "White checkmated"]
[WhiteElo "560"]
[BlackElo "832"]
[Opening "Giuoco Piano"]
[ECO "C50"]
[NIC "IG.02"]
[Time "14:18:59"]
[PlyCount "68"]
[TimeControl "1800+5"]

1. e4 e5 2. Nf3 Nc6 3. Bc4 Bc5 4. d4 exd4 5. e5 d5 6. Bd3 Bg4 7. O-O Nge7
8. h3 Bh5 9. Be2 Bxf3 10. Bxf3 O-O 11. Bg4 Nxe5 12. Bf4 Nxg4 13. Qxg4 Ng6
14. Bg5 Qd6 15. g3 Ne5 16. Qh4 Ng6 17. Qh5 Rfe8 18. Bf4 Nxf4 19. gxf4 Qxf4
20. Qg4 Qe5 21. Qg2 Re6 22. Nd2 Rg6 23. Rae1 Rxg2+ 24. Kxg2 Qg5+ 25. Kh2
Bd6+ 26. Kh1 Qh4 27. Kg2 Qg5+ 28. Kh1 Qxd2 29. Rd1 Qxc2 30. Rc1 Qe4+ 31.
Kg1 Qf3 32. Rce1 Qxh3 33. Re8+ Rxe8 34. f3 Qh2# { White checkmated } 0-1

[Event "ICC tourney 2357 (30 5)"]
[Site "Internet Chess Club"]
[Date "2021.01.30"]
[Round "3"]
[White "SABXMSJoel"]
[Black "Grahamserickson"]
[Result "0-1"]
[ICCResult "White checkmated"]
[WhiteElo "804"]
[BlackElo "555"]
[Opening "Scotch game"]
[ECO "C45"]
[NIC "SO.05"]
[Time "14:19:33"]
[PlyCount "80"]
[TimeControl "1800+5"]

1. e4 e5 2. Nf3 Nc6 3. d4 exd4 4. Nxd4 Bc5 5. Nxc6 bxc6 6. Bc4 Nf6 7. O-O
d5 8. exd5 cxd5 9. Bb5+ Bd7 10. Re1+ Be7 11. Bxd7+ Qxd7 12. Qe2 Rb8 13. Nc3
c5 14. Rb1 Qd6 15. Nb5 Qd7 16. Nc3 Rb7 17. Bg5 O-O 18. Bxf6 Bxf6 19. Nd1
Rbb8 20. b3 Rbe8 21. Qf1 Rxe1 22. Qxe1 Re8 23. Qf1 Qf5 24. Ne3 Qg6 25. c4
dxc4 26. Nxc4 Qh6 27. Re1 Rxe1 28. Qxe1 g6 29. g3 Bd4 30. Qe8+ Kg7 31. Ne5
Bxe5 32. Qxe5+ Kf8 33. Qb8+ Kg7 34. Qxa7 Qg5 35. Kg2 h5 36. a4 Qd5+ 37. Kh3
g5 38. Qa5 f6 39. Qb5 g4+ 40. Kh4 Qg5# { White checkmated } 0-1

[Event "ICC tourney 2357 (30 5)"]
[Site "Internet Chess Club"]
[Date "2021.01.30"]
[Round "3"]
[White "FierceLeopard"]
[Black "RonKese"]
[Result "0-1"]
[ICCResult "White checkmated"]
[WhiteElo "715"]
[BlackElo "449"]
[Opening "Caro-Kann defense"]
[ECO "B15"]
[NIC "CK.05"]
[Time "14:19:31"]
[PlyCount "68"]
[TimeControl "1800+5"]

1. e4 c6 2. d4 d5 3. Nc3 dxe4 4. Nxe4 Nf6 5. Nc3 Bf5 6. Nf3 e6 7. Bg5 h6 8.
Bh4 Bb4 9. a3 Ba5 10. Bc4 O-O 11. O-O Nbd7 12. b4 Bb6 13. Qe2 a5 14. bxa5
Bxa5 15. Ne5 Bxc3 16. Rad1 Qb6 17. Nxd7 Nxd7 18. h3 Bxd4 19. c3 Bxc3 20.
Rxd7 Rxa3 21. Rdd1 Qb2 22. Qe3 Bd4 23. Rxd4 Rxe3 24. fxe3 e5 25. Rd7 Bxd7
26. Be7 Re8 27. Bd6 b5 28. Bxf7+ Kh7 29. Bxe8 Bxe8 30. Bxe5 Qxe5 31. Kh1
Qxe3 32. Rg1 c5 33. g3 Bd7 34. g4 Qxh3# { White checkmated } 0-1

[Event "ICC tourney 2357 (30 5)"]
[Site "Internet Chess Club"]
[Date "2021.01.30"]
[Round "3"]
[White "HCESBenjaminM"]
[Black "GusH"]
[Result "1-0"]
[ICCResult "Black checkmated"]
[WhiteElo "780"]
[BlackElo "530"]
[Opening "Hungarian defense"]
[ECO "C50"]
[NIC "IG.03"]
[Time "14:19:04"]
[PlyCount "129"]
[TimeControl "1800+5"]

1. e4 e5 2. Nf3 Nc6 3. Bc4 Be7 4. d3 Nf6 5. Be3 O-O 6. O-O Ng4 7. Qd2 Bb4
8. Nc3 Bxc3 9. bxc3 d6 10. Rad1 Nxe3 11. Qxe3 Bg4 12. d4 Bxf3 13. Qxf3 exd4
14. cxd4 Nb4 15. Bd3 Nxa2 16. e5 Nb4 17. exd6 Nxd3 18. dxc7 Qxc7 19. Qxd3
Rad8 20. Rfe1 Rc8 21. Rc1 Qf4 22. c4 Rfd8 23. Rcd1 a6 24. Re7 b5 25. cxb5
axb5 26. Qxb5 Qf6 27. Rde1 Qd6 28. Re8+ Rxe8 29. Rxe8+ Rxe8 30. Qxe8+ Qf8
31. Qe5 f6 32. Qe6+ Qf7 33. Qxf7+ Kxf7 34. Kf1 Ke6 35. Ke2 Kd5 36. Kd3 h5
37. f3 g5 38. h3 g4 39. hxg4 hxg4 40. fxg4 Kd6 41. Ke4 Kc6 42. d5+ Kc5 43.
Kf5 Kxd5 44. Kxf6 Ke4 45. g5 Kf4 46. g6 Kg3 47. g7 Kxg2 48. g8=Q+ Kf2 49.
Qb3 Ke2 50. Qc3 Kf2 51. Qd3 Kg2 52. Qe3 Kh2 53. Qf3 Kg1 54. Kg5 Kh2 55. Kf4
Kg1 56. Ke3 Kh2 57. Ke2 Kg1 58. Ke1 Kh2 59. Kd1 Kg1 60. Qe2 Kh1 61. Ke1 Kg1
62. Kd2 Kh1 63. Ke3 Kg1 64. Kf3 Kh1 65. Qg2# { Black checkmated } 1-0

[Event "ICC tourney 2357 (30 5)"]
[Site "Internet Chess Club"]
[Date "2021.01.30"]
[Round "3"]
[White "keshavdesh"]
[Black "MingMing59"]
[Result "0-1"]
[ICCResult "White checkmated"]
[WhiteElo "269"]
[BlackElo "523"]
[Opening "Ruy Lopez: Berlin defense, Beverwijk variation"]
[ECO "C64"]
[NIC "RL.01"]
[Time "14:18:58"]
[PlyCount "82"]
[TimeControl "1800+5"]

1. e4 e5 2. Nf3 Nc6 3. Bb5 Bc5 4. O-O Nf6 5. d3 h6 6. Nc3 O-O 7. Be3 Bb6 8.
Bxb6 axb6 9. Qe2 d6 10. Nd5 Nxd5 11. exd5 Nd4 12. Nxd4 exd4 13. Qe4 Ra5 14.
Bc4 c6 15. Qxd4 cxd5 16. Bxd5 Bf5 17. Bxb7 Qg5 18. Be4 Qd2 19. Bxf5 Rxf5
20. Qe4 Re5 21. Qf3 Qxc2 22. b3 Rfe8 23. Qd1 Qc6 24. d4 Rg5 25. g3 h5 26.
h4 Rg4 27. d5 Qc3 28. Re1 Rd8 29. Rc1 Qf6 30. Rc6 Qxh4 31. Kf1 Qh3+ 32. Ke2
Re4+ 33. Kd2 Rd4+ 34. Kc1 Rxd1+ 35. Rxd1 Re8 36. Rxb6 Qg2 37. Rxd6 Qxf2 38.
Rc6 Re2 39. Rc8+ Kh7 40. d6 Rxa2 41. d7 Qb2# { White checkmated } 0-1

[Event "ICC tourney 2357 (30 5)"]
[Site "Internet Chess Club"]
[Date "2021.01.30"]
[Round "3"]
[White "Savethegoats"]
[Black "Flames2501"]
[Result "0-1"]
[ICCResult "White checkmated"]
[WhiteElo "290"]
[BlackElo "696"]
[Opening "Sicilian"]
[ECO "B50"]
[NIC "SI.01"]
[Time "14:18:59"]
[PlyCount "58"]
[TimeControl "1800+5"]

1. e4 c5 2. Nf3 d6 3. Bc4 e6 4. d3 Nf6 5. O-O g6 6. Bg5 Bg7 7. Nc3 O-O 8.
e5 dxe5 9. Ne4 Nbd7 10. Nh4 Qc7 11. Qf3 Qd8 12. Rfd1 b6 13. Qe3 Qc7 14. Bh6
Bxh6 15. Qxh6 Nxe4 16. dxe4 Bb7 17. Re1 Nf6 18. Bd3 c4 19. Bxc4 Nxe4 20.
Re3 Qxc4 21. Rd1 Qxc2 22. Ree1 Qxf2+ 23. Kh1 g5 24. Rf1 Qe2 25. h3 gxh4 26.
Qxh4 Nf6 27. Qg5+ Kh8 28. Qxf6+ Kg8 29. Rfe1 Qxg2# { White checkmated } 0-1

[Event "ICC tourney 2357 (30 5)"]
[Site "Internet Chess Club"]
[Date "2021.01.30"]
[Round "3"]
[White "Hermione18"]
[Black "dplasse"]
[Result "0-1"]
[ICCResult "White checkmated"]
[WhiteElo "472"]
[BlackElo "738"]
[Opening "Four knights: Italian variation"]
[ECO "C55"]
[NIC "IG.01"]
[Time "14:19:01"]
[PlyCount "126"]
[TimeControl "1800+5"]

1. e4 e5 2. Nf3 Nc6 3. Bc4 Nf6 4. Nc3 Nxe4 5. Nxe4 d5 6. Bxd5 Qxd5 7. Nc3
Qd6 8. d3 Bg4 9. h3 Bxf3 10. Qxf3 Be7 11. Nb5 Qd7 12. O-O a6 13. Nc3 O-O
14. Re1 Bf6 15. Be3 Rfe8 16. Rad1 Be7 17. Qg3 Qe6 18. d4 exd4 19. Bxd4 Qg6
20. Qxc7 Nxd4 21. Rxd4 Qf6 22. Rd7 Bf8 23. Rxe8 Rxe8 24. Rxf7 Qxf7 25.
Qxf7+ Kxf7 26. Kf1 Kg6 27. a3 Kf5 28. Nd5 Kg5 29. Nc7 Rc8 30. Ne6+ Kf6 31.
Nxf8 Rxf8 32. b4 Rc8 33. a4 Rd8 34. Ke1 Rd4 35. c3 Rc4 36. Kd2 Rc8 37. Kd3
Kf5 38. c4 Kf4 39. b5 axb5 40. axb5 b6 41. Kd4 h6 42. Kd3 g5 43. Kd4 Rd8+
44. Kc3 Re8 45. Kd2 Ke4 46. Kc3 h5 47. Kd2 Kd4 48. c5 Kxc5 49. Kd3 Kxb5 50.
Kd2 Rc8 51. Ke2 Ka6 52. Ke3 b5 53. f4 b4 54. fxg5 b3 55. g6 b2 56. g7 b1=Q
57. g8=Q Rxg8 58. Kf2 Qd3 59. Ke1 Re8+ 60. Kf2 Qf5+ 61. Kg1 Re1+ 62. Kh2
Qf4+ 63. g3 Qf2# { White checkmated } 0-1

[Event "ICC tourney 2357 (30 5)"]
[Site "Internet Chess Club"]
[Date "2021.01.30"]
[Round "3"]
[White "JDWJamJam"]
[Black "SAjenelleH3"]
[Result "0-1"]
[ICCResult "White checkmated"]
[WhiteElo "671"]
[BlackElo "772"]
[Opening "Petrov's defense"]
[ECO "C42"]
[NIC "RG.03"]
[Time "14:18:59"]
[PlyCount "144"]
[TimeControl "1800+5"]

1. e4 e5 2. Nf3 Nf6 3. Nxe5 Nc6 4. Nxc6 dxc6 5. Nc3 Bc5 6. Bc4 Ng4 7. O-O
Qh4 8. h3 h5 9. Qf3 Be6 10. Bxe6 fxe6 11. d3 O-O-O 12. Bf4 g5 13. Bg3 Rdf8
14. Qxf8+ Rxf8 15. Bxh4 gxh4 16. hxg4 hxg4 17. Rfe1 g3 18. Kf1 gxf2 19. Re2
Rf7 20. Rd1 h3 21. gxh3 Rf3 22. d4 Bd6 23. Rxf2 Rxh3 24. Rd3 Rh1+ 25. Ke2
b6 26. e5 Be7 27. Rf7 Bh4 28. Rf8+ Kb7 29. Rh8 Re1+ 30. Kd2 Rh1 31. Ne4
Be1+ 32. Ke3 Rxh8 33. Ke2 Bb4 34. c3 Be7 35. b4 a5 36. bxa5 bxa5 37. Nc5+
Bxc5 38. dxc5 Rh2+ 39. Ke3 Rh3+ 40. Kd4 Rh4+ 41. Ke3 Rh3+ 42. Ke2 Rxd3 43.
Kxd3 Ka6 44. Ke4 Kb5 45. Kd4 a4 46. c4+ Kb4 47. Kd3 Kxc5 48. a3 Kb6 49. Kc3
Kc5 50. Kb2 Kxc4 51. Kc2 Kb5 52. Kc3 Kc5 53. Kd3 Kb5 54. Kd4 c5+ 55. Kc3 c6
56. Kb2 c4 57. Kc3 Kc5 58. Kb2 Kd4 59. Kc2 c5 60. Kd2 Kxe5 61. Kc3 Kd5 62.
Kc2 e5 63. Kd2 Kd4 64. Kc2 e4 65. Kd2 c3+ 66. Kc2 e3 67. Kd1 Kd3 68. Kc1 e2
69. Kb1 e1=Q+ 70. Ka2 Qd2+ 71. Kb1 Qc2+ 72. Ka1 Qb2# { White checkmated }
0-1

[Event "ICC tourney 2357 (30 5)"]
[Site "Internet Chess Club"]
[Date "2021.01.30"]
[Round "3"]
[White "SAEmilio"]
[Black "SABX4GOAT"]
[Result "0-1"]
[ICCResult "White checkmated"]
[WhiteElo "576"]
[BlackElo "725"]
[Opening "Giuoco Pianissimo: Italian four knights variation"]
[ECO "C50"]
[NIC "IG.02"]
[Time "14:19:22"]
[PlyCount "162"]
[TimeControl "1800+5"]

1. e4 e5 2. Nf3 Nc6 3. Bc4 Bc5 4. Nc3 Nf6 5. d3 h6 6. Be3 Bxe3 7. fxe3 O-O
8. d4 exd4 9. exd4 d6 10. d5 Nb4 11. a3 Na6 12. Qd2 Bg4 13. Qf4 Bxf3 14.
Qxf3 Qe7 15. Qg3 Qe5 16. Qf3 Qh5 17. Qe3 Ng4 18. Qe2 Qh4+ 19. g3 Qh3 20.
O-O-O Nf6 21. Rhf1 Qg4 22. Qg2 Qg5+ 23. Kb1 Nc5 24. h4 Qg4 25. h5 Ncxe4 26.
Nxe4 Qxe4 27. Qxe4 Nxe4 28. Bd3 Nxg3 29. Rg1 Nxh5 30. Rg2 Nf4 31. Rg3 Nxd5
32. Rdg1 g5 33. Rh3 Kg7 34. Rgh1 Rae8 35. Rxh6 Rh8 36. Rh7+ Rxh7 37. Rxh7+
Kf6 38. Rh6+ Ke7 39. Rh5 f6 40. Rh7+ Kd8 41. Bg6 Re6 42. Rh8+ Kd7 43. Rh6
Re1+ 44. Ka2 Re2 45. Rh7+ Kc6 46. Rh8 Rxc2 47. Bxc2 Ne3 48. Be4+ Kb6 49.
Rh6 f5 50. Bd3 f4 51. Rg6 g4 52. Kb1 f3 53. Kc1 Kc5 54. Kd2 Kd4 55. Bf1 Ke4
56. Ke1 Kf4 57. Kf2 g3+ 58. Rxg3 Nd1+ 59. Ke1 Nxb2 60. Kf2 Nd1+ 61. Ke1 Ne3
62. Kf2 Nxf1 63. Kxf1 Kxg3 64. Ke1 f2+ 65. Kf1 d5 66. a4 d4 67. Ke2 Kg2 68.
Kd3 f1=Q+ 69. Kxd4 Qd1+ 70. Ke5 c5 71. Ke4 c4 72. Ke3 c3 73. Kf4 c2 74. Ke5
c1=Q 75. Kf6 Qe1 76. Kf5 Qc5+ 77. Kf4 Qcf2+ 78. Kg4 Kf1 79. Kg5 Qe5+ 80.
Kg4 Qeg3+ 81. Kh5 Qfh2# { White checkmated } 0-1

[Event "ICC tourney 2357 (30 5)"]
[Site "Internet Chess Club"]
[Date "2021.01.30"]
[Round "3"]
[White "BrendonChess"]
[Black "nithin0628"]
[Result "0-1"]
[ICCResult "White checkmated"]
[WhiteElo "547"]
[BlackElo "818"]
[Opening "Queen's pawn: stonewall attack"]
[ECO "D00"]
[NIC "QP.08"]
[Time "14:19:10"]
[PlyCount "158"]
[TimeControl "1800+5"]

1. d4 d5 2. e3 Nf6 3. Bd3 g6 4. Nf3 Bg7 5. O-O O-O 6. b3 Bg4 7. Nbd2 c6 8.
h3 Bd7 9. Bb2 Re8 10. Ng5 h6 11. Ngf3 Qc7 12. Ne5 Nh7 13. Ndf3 Bxe5 14.
Nxe5 Ng5 15. Nxd7 Qxd7 16. c4 Ne4 17. Bxe4 dxe4 18. f3 exf3 19. Qxf3 f5 20.
e4 Rf8 21. Qg3 g5 22. Qe5 Qd6 23. d5 Qxe5 24. Bxe5 fxe4 25. Rxf8+ Kxf8 26.
Rf1+ Ke8 27. dxc6 Nxc6 28. Bc3 Rd8 29. Kf2 Rd3 30. Rc1 Kf7 31. g4 a6 32. a4
Rxh3 33. Bb2 Rxb3 34. Re1 Rxb2+ 35. Kf1 Rb4 36. Rxe4 Rxa4 37. Ke2 b5 38.
Kd3 bxc4+ 39. Kc3 Rb4 40. Re1 a5 41. Ra1 Kf6 42. Rh1 Kg6 43. Re1 Kf6 44.
Rh1 Kg7 45. Re1 a4 46. Re6 Rb3+ 47. Kxc4 Na5+ 48. Kc5 a3 49. Ra6 Nb7+ 50.
Kd4 Nd6 51. Ke5 Nc4+ 52. Ke6 Rb2 53. Kd5 Rc2 54. Kc5 a2 55. Kb4 Ne3 56. Kb3
Rg2 57. Rxa2 Rxa2 58. Kxa2 Nxg4 59. Kb2 h5 60. Kc3 h4 61. Kd2 h3 62. Ke2 h2
63. Kf1 h1=Q+ 64. Ke2 Qg1 65. Kd3 Qf2 66. Ke4 Qg3 67. Kf5 Qh4 68. Ke6 Nf2
69. Kxe7 Qh6 70. Kd7 Qf6 71. Kc7 Qe6 72. Kb7 Qd6 73. Ka7 Qc6 74. Kb8 Qd7
75. Ka8 Kf6 76. Kb8 Ke6 77. Ka8 Kd6 78. Kb8 Kc6 79. Ka8 Qb7# { White
checkmated } 0-1

[Event "ICC tourney 2357 (30 5)"]
[Site "Internet Chess Club"]
[Date "2021.01.30"]
[Round "3"]
[White "Rafaelab"]
[Black "danieltps281"]
[Result "1/2-1/2"]
[ICCResult "Game drawn because neither player has mating material"]
[WhiteElo "445"]
[BlackElo "719"]
[Opening "Scotch opening"]
[ECO "C44"]
[NIC "KP.10"]
[Time "14:19:58"]
[PlyCount "125"]
[TimeControl "1800+5"]

1. e4 e5 2. Nf3 Nc6 3. d4 d6 4. dxe5 Nxe5 5. Nxe5 dxe5 6. Qxd8+ Kxd8 7. Bc4
Nh6 8. O-O Bc5 9. Bg5+ f6 10. Bh4 g5 11. Bg3 Bd4 12. Nc3 f5 13. exf5 Nxf5
14. Rad1 Nxg3 15. hxg3 Bf5 16. Rd2 Ke8 17. Re1 Bxc3 18. bxc3 e4 19. Bd5 c6
20. Bxe4 Bxe4 21. Rxe4+ Kf7 22. Rd7+ Kf8 23. Rxb7 a5 24. Re3 Rg8 25. Rf3+
Ke8 26. Rb6 Rg6 27. Re3+ Kd7 28. Rb7+ Kc8 29. Rxh7 Rg8 30. Ree7 Kb8 31. f4
gxf4 32. gxf4 Ra6 33. Kf2 Rb6 34. g4 Rb2 35. Re2 Ka8 36. f5 Rxg4 37. Re8+
Rb8 38. Rxb8+ Kxb8 39. Rf7 Ra4 40. Rf8+ Kb7 41. f6 Rf4+ 42. Ke3 Rf5 43. Ke4
Rf1 44. Rf7+ Kc8 45. Kd4 Kd8 46. Ke5 Ke8 47. Ke6 Re1+ 48. Kd6 Kxf7 49. Kxc6
Kxf6 50. Kb6 Re2 51. Kxa5 Rxc2 52. a4 Rxc3 53. Kb4 Rc7 54. a5 Ke6 55. Kb5
Kd6 56. a6 Ra7 57. Kb6 Rc7 58. a7 Rc6+ 59. Kb7 Rc7+ 60. Kb8 Kd7 61. a8=Q
Rc8+ 62. Kb7 Rxa8 63. Kxa8 { Game drawn because neither player has mating
material } 1/2-1/2

[Event "ICC tourney 2357 (30 5)"]
[Site "Internet Chess Club"]
[Date "2021.01.30"]
[Round "3"]
[White "LionsMarkR"]
[Black "BirchDavidM"]
[Result "0-1"]
[ICCResult "White resigns"]
[WhiteElo "681"]
[BlackElo "780"]
[Opening "French: advance, Euwe variation"]
[ECO "C02"]
[NIC "FR.03"]
[Time "14:19:05"]
[PlyCount "76"]
[TimeControl "1800+5"]

1. d4 e6 2. e4 d5 3. e5 c5 4. c3 Nc6 5. Nf3 Bd7 6. Bb5 a6 7. Bxc6 Bxc6 8.
Bg5 Qb6 9. Qb3 Qc7 10. O-O Ne7 11. dxc5 Ng6 12. Be3 Nxe5 13. Nxe5 Qxe5 14.
Bd4 Qc7 15. Qb6 Qxb6 16. cxb6 Bd6 17. a4 e5 18. Re1 O-O 19. Be3 Rad8 20. a5
Be7 21. b4 Rfe8 22. Nd2 d4 23. cxd4 Bxb4 24. Red1 exd4 25. Bf4 Re4 26. Bc7
Re2 27. Bxd8 Rxd2 28. Rxd2 Bxd2 29. Rd1 Bc3 30. Bc7 Ba4 31. Ra1 Bxa1 32.
Kf1 Bc3 33. Ke2 Bb5+ 34. Kd1 Bd3 35. Kc1 Be2 36. f3 Be1 37. f4 Bf2 38. g3
Be3+ { White resigns } 0-1

[Event "ICC tourney 2357 (30 5)"]
[Site "Internet Chess Club"]
[Date "2021.01.30"]
[Round "3"]
[White "Melech14"]
[Black "Isaac2021"]
[Result "1-0"]
[ICCResult "Black checkmated"]
[WhiteElo "498"]
[BlackElo "853"]
[Opening "Sicilian defense"]
[ECO "B30"]
[NIC "SI.31"]
[Time "14:19:25"]
[PlyCount "91"]
[TimeControl "1800+5"]

1. e4 c5 2. Nf3 Nc6 3. Nc3 Nf6 4. Bc4 g6 5. Ng5 e6 6. d3 Bg7 7. O-O O-O 8.
Nh3 a6 9. Be3 Rb8 10. Qf3 b5 11. Bb3 a5 12. Bf4 Rb7 13. e5 Ne8 14. a4 c4
15. dxc4 bxc4 16. Bxc4 Rxb2 17. Bd3 Nb4 18. Rab1 Rxb1 19. Rxb1 Nc6 20. Ne4
f6 21. exf6 Bxf6 22. Bg5 Nd4 23. Qg3 Be7 24. c3 Nc6 25. Bxe7 Qxe7 26. Neg5
Qc5 27. Ne4 Qa3 28. Nhg5 Qxa4 29. Qh3 h5 30. f3 Ng7 31. Nd6 Ne7 32. Re1 Qb3
33. Nde4 Bb7 34. Rc1 Nd5 35. g4 Ne3 36. Nc5 Qb2 37. Rb1 Qxc3 38. Nge4 Bxe4
39. Bxe4 Qxc5 40. Kh1 Kh7 41. gxh5 Kg8 42. hxg6 Rd8 43. Qh7+ Kf8 44. Qh8+
Ke7 45. Qxg7+ Ke8 46. Qf7# { Black checkmated } 1-0

[Event "ICC tourney 2357 (30 5)"]
[Site "Internet Chess Club"]
[Date "2021.01.30"]
[Round "3"]
[White "PlanetAntMan"]
[Black "SophiaE111M"]
[Result "1-0"]
[ICCResult "Black checkmated"]
[WhiteElo "756"]
[BlackElo "316"]
[Opening "King's knight opening"]
[ECO "C40"]
[NIC "KP.10"]
[Time "14:22:30"]
[PlyCount "65"]
[TimeControl "1800+5"]

1. e4 e5 2. Nf3 Bc5 3. Nc3 Nf6 4. Nxe5 Ng4 5. Nxg4 f5 6. exf5 h5 7. Ne5 Qh4
8. g3 Qe4+ 9. Nxe4 Bxf2+ 10. Nxf2 g5 11. d3 d6 12. Ng6 Rg8 13. Qxh5 Bxf5
14. Nf4+ Rg6 15. Ng4 Bxg4 16. Qxg6+ Kd7 17. Qxg5 Be6 18. Nxe6 Kxe6 19. Bg2
Nc6 20. Bxc6 bxc6 21. Qe3+ Kd5 22. Qf3+ Kc5 23. Be3+ Kb5 24. c4+ Ka6 25.
Qxc6+ Ka5 26. Qxa8 c6 27. Qxa7+ Kb4 28. Qb6+ Ka4 29. Qxc6+ Kb4 30. Qxd6+
Ka4 31. O-O-O Ka5 32. Bd2+ Ka4 33. Qa6# { Black checkmated } 1-0

[Event "ICC tourney 2357 (30 5)"]
[Site "Internet Chess Club"]
[Date "2021.01.30"]
[Round "3"]
[White "LionsFreyaC"]
[Black "Edwardsong"]
[Result "0-1"]
[ICCResult "White checkmated"]
[WhiteElo "166"]
[BlackElo "475"]
[Opening "French: Marshall variation"]
[ECO "C10"]
[NIC "FR.04"]
[Time "14:19:04"]
[PlyCount "98"]
[TimeControl "1800+5"]

1. e4 e6 2. d4 d5 3. Nc3 c5 4. Nf3 Nc6 5. Be3 Nf6 6. Bb5 Qb6 7. Bxc6+ bxc6
8. dxc5 Bxc5 9. Bxc5 Qxc5 10. Na4 Qd6 11. O-O Ba6 12. Re1 Nxe4 13. Ng5 Nxg5
14. h3 O-O 15. Re3 d4 16. Rg3 h6 17. c3 Ne4 18. Rg4 f5 19. Rh4 g5 20. Rxh6
dxc3 21. Qxd6 Nxd6 22. Rd1 cxb2 23. Nxb2 Ne4 24. Rd7 Rab8 25. Rg6+ Kh8 26.
g4 Rxb2 27. gxf5 Rb1+ 28. Kg2 Nf6 29. Re7 Bf1+ 30. Kg3 Ne4+ 31. Kf3 Nd2+
32. Ke3 Nc4+ 33. Ke4 Re1+ 34. Kf3 Rxf5+ 35. Kg4 Rf4+ 36. Kh5 Bd3 37. Rg8+
Kxg8 38. Kh6 Rh4+ 39. Kxg5 Rh7 40. Re8+ Kg7 41. Re7+ Kg8 42. Rxh7 Bxh7 43.
Kf4 e5+ 44. Kf3 e4+ 45. Kg2 e3 46. f4 e2 47. Kg3 Rg1+ 48. Kf2 e1=Q+ 49. Kf3
Be4# { White checkmated } 0-1